 Dungeon Crawl Stone Soup version 0.30-a0-424-g7412bad402 (webtiles) character file.

Game seed: 6163299885360809843

20577 zishaf the Zephyrmancer (level 11, -3/72 HPs)
             Began as a Tengu Air Elementalist on Dec 9, 2022.
             Was a High Priest of Ru.
             Slain by a torpor snail (15 damage)
             ... on level 2 of the Lair of Beasts.
             The game lasted 00:30:56 (15937 turns).

zishaf the Zephyrmancer (Tengu Air Elementalist)   Turns: 15937, Time: 00:30:57

Health: -3/72      AC:  9    Str:  8    XL:     11   Next: 81%
Magic:  15/21      EV: 14    Int: 19    God:    Ru [*****.]
Gold:   727        SH:  5    Dex: 14    Spells: 12/22 levels left

rFire   . . .      SeeInvis .    a - +5 whip (elec)
rCold   + . .      Faith    +    y - +0 buckler
rNeg    . . .      Spirit   .    u - +2 ring mail {rPois}
rPois   +          Reflect  .    (helmet restricted)
rElec   .          Harm     .    (no cloak)
rCorr   .          Rampage  .    r - +1 pair of gloves
Will    .....                    (boots unavailable)
Stlth   ..........               e - amulet of faith
HPRegen 0.32/turn                p - +4 ring of evasion
MPRegen 0.17/turn                D - ring of protection from cold

@: exhausted, flying quickly and evasively, slowed, very slow
A: beak, talons 3, weak 1, no stealth, inability to train dodging, unskilled 1,
inexperienced 1, nimble flight
a: Renounce Religion, Draw Out Power, Power Leap, Apocalypse


You were on level 2 of the Lair of Beasts.
You worshipped Ru.
Ru was extremely pleased with you.
You visited 2 branches of the dungeon, and saw 13 of its levels.

You collected 727 gold pieces.

Inventory:

Hand Weapons
 a - a +5 whip of electrocution (weapon)
Missiles
 G - a throwing net
Armour
 r - a +1 pair of gloves (worn)
 u - a +2 ring mail of poison resistance (worn)
 y - a +0 buckler (worn)
 M - +0 steam dragon scales
Magical Staves
 b - a staff of air
Jewellery
 e - an amulet of faith (around neck)
 p - a +4 ring of evasion (left hand)
 B - a ring of ice
 D - a ring of protection from cold (right hand)
 E - a +6 ring of strength
 J - an amulet of reflection
 O - a ring of poison resistance
Wands
 l - a wand of acid (23)
 n - a wand of roots (3)
 z - a wand of charming (27)
 F - a wand of polymorph (12)
 H - a wand of flame (13)
 N - a wand of mindburst (14)
Scrolls
 h - 5 scrolls of vulnerability
 i - 2 scrolls of immolation
 m - 6 scrolls of magic mapping
 t - a scroll of amnesia
 I - a scroll of teleportation
 K - 2 scrolls of enchant armour
Potions
 c - a potion of resistance
 d - 6 potions of invisibility
 f - a potion of mutation
 g - a potion of magic
 j - 3 potions of lignification
 k - 3 potions of cancellation
 o - 7 potions of haste
 q - a potion of heal wounds
 s - 6 potions of attraction
 v - a potion of berserk rage {unknown}
 w - 2 potions of might {unknown}
 x - 2 potions of curing
 A - a potion of brilliance {unknown}
 L - 4 potions of ambrosia
Miscellaneous
 C - a phantom mirror


   Skills:
 + Level 9.8 Fighting
 - Level 7.0 Maces & Flails
 - Level 5.0 Shields
 - Level 6.0 Spellcasting
 - Level 10.0 Conjurations
 + Level 13.1 Air Magic
 - Level 4.0 Evocations


You had 12 spell levels left.
You knew the following spells:

 Your Spells              Type           Power      Damage    Failure   Level
a - Shock                 Conj/Air       100%       1d9       1%          1
b - Airstrike             Air            26%        2d(4-20)  1%          4
A - Static Discharge      Conj/Air       98%        2-7/arc   1%          2
B - Swiftness             Air            53%        N/A       1%          3

Your spell library contained the following spells:

 Spells                   Type           Power      Damage    Failure   Level
 Kiss of Death            Conj/Necr      96%        2d12      6%          1
 Flame Wave               Conj/Fire      24%        2d8       50%         4
 Sticky Flame             Conj/Fire      24%        2d5       50%         4
 Blink                    Tloc           10%        N/A       56%         2
 Scorch                   Fire           10%        2d5       56%         2
 Sublimation of Blood     Necr           5%         N/A       56%         2
 Confusing Touch          Hex            5%         N/A       80%         3
 Inner Flame              Hex/Fire       5%         N/A       80%         3
 Irradiate                Conj/Tmut      12%        3d15      85%         5
 Dispel Undead            Necr           5%         3d7       99%         4
 Manifold Assault         Tloc           5%         N/A       99%         4
 Petrify                  Tmut/Erth      5%         N/A       99%         4
 Summon Cactus Giant      Summ           2%         N/A       100%        6
 Storm Form               Tmut/Air       15%        N/A       100%        7


Dungeon Overview and Level Annotations

Branches:
Dungeon (11/15)            Temple (0/1) D:4            Lair (2/5) D:8
  Snake (0/4) Lair:2          Orc (0/2) D:11
  Swamp: Lair:2-3    Shoals: Lair:2-3

Altars:
Ashenzari
Cheibriados
Dithmenos
Hepliaklqana
Kikubaaqudgha
Makhleb
Qazlal
Ru
Sif Muna
Uskayaw
Wu Jian
Yredelemnul
The Shining One

Shops:
D:6 *   D:11 [

Annotations:
D:7 1 transporter


Innate Abilities, Weirdness & Mutations

You have a beak for a mouth.
You have claws for feet.
You are weak. (Str -2)
You cannot be stealthy.
You cannot train Dodging skill.
You are somewhat unskilled. (-1 Apt)
You are somewhat inexperienced. (-1 XL)
Your magical nature lets you fly swiftly and evasively.


Message History

The grasping roots constrict the yak.
The yak gores you!
* * * LOW HITPOINT WARNING * * *
The yak is stunned by your conviction and fails to attack.
The grasping roots constrict the yak!
You kill the yak!
Things that are here:
a +0 battleaxe; a +0 robe
Okay, then.
Items here: ) ÷ †††.
You feel yourself speed up.
Being near the torpor snail leaves you feeling lethargic.
You hit the torpor snail.
The torpor snail is lightly wounded.
The torpor snail bites you.
* * * LOW HITPOINT WARNING * * *
You hit the torpor snail.
You claw the torpor snail, but do no damage.
The torpor snail is lightly wounded.
The torpor snail misses you.
You hit the torpor snail.
Lightning courses through the torpor snail!
You claw the torpor snail, but do no damage.
You peck the torpor snail, but do no damage.
The torpor snail is moderately wounded.
You hit the torpor snail but do no damage.
You claw the torpor snail.
You peck the torpor snail, but do no damage.
The torpor snail is heavily wounded.
The torpor snail is stunned by your conviction and fails to attack.
You hit the torpor snail.
Lightning courses through the torpor snail!
You claw the torpor snail.
You peck the torpor snail, but do no damage.
The torpor snail is severely wounded.
You hit the torpor snail.
You claw the torpor snail, but do no damage.
You peck the torpor snail, but do no damage.
The torpor snail is severely wounded.
The torpor snail bites you!
You die...

##.....†..#
##
##...#.#.#.#
#
##..........#
#
#...#)>.#...#
#.)........##
##
#.#.#.#...##
#.
#...w....##
###w#.#...##
#@#...)..##
#ww.....##
#########


You could see 2 torpor snails.

Vanquished Creatures
  A centaur warrior (D:9)
  2 boulder beetles
  3 two-headed ogres
  A death yak (D:8)
  A black mamba (Lair:2)
  A torpor snail (Lair:1)
  3 cane toads
  4 unseen horror zombies (D:9)
  Psyche (D:11)
  5 komodo dragons
  A troll (D:10)
  Sigmund (D:4)
  26 yaks
  2 wraiths
  A vampire (D:11)
  2 shadows
  Eustachio (D:5)
  3 vampire mosquitoes (D:10)
  A steam dragon (D:9)
  An acid dragon (D:10)
  5 nagas (Lair:2)
  2 water moccasins
  2 ice beasts
  An ogre (D:5)
  3 orc warriors
  A sky beast (D:8)
  6 centaurs
  3 kobold brigands
  3 scorpions
  7 bullfrogs
  A wyvern zombie (D:9)
  22 wights
  21 killer bees
  2 electric eels (D:8)
  4 howler monkeys
  3 centaur zombies (D:9)
  3 hounds
  2 jellies
  9 orc priests
  A gnoll bouda (D:8)
  2 iguanas
  Terence (D:3)
  Natasha (thrice) (D:2)
  18 orc wizards
  Robin (D:2)
  A howler monkey zombie (D:9)
  9 gnolls
  10 adders
  A shadow imp (D:7)
  2 white imps (D:6)
  2 ufetubi
  A dart slug (D:1)
  3 worms
  43 orcs
  5 bats
  8 endoplasms
  4 giant cockroaches
  14 goblins
  10 hobgoblins
  8 jackals
  5 quokkas
  8 ball pythons
  4 frilled lizards
  20 kobolds
  4 rats (D:3)
  A spectral orc (D:11)
350 creatures vanquished.

Vanquished Creatures (others)
  A troll (D:11)
  A queen bee (D:10)
  A wyvern (Lair:2)
  An orc priest (D:10)
  An orc (D:10)
  6 fungi
  8 plants
  2 withered plants (D:9)
21 creatures vanquished.

Grand Total: 371 creatures vanquished

Notes
Turn   | Place    | Note
-------+----------+-------------------------------------------
     0 | D:1      | zishaf the Tengu Air Elementalist began the quest for the
                  | Orb.
     0 | D:1      | Reached XP level 1. HP: 10/10 MP: 4/4
   169 | D:1      | Reached XP level 2. HP: 16/16 MP: 3/6
   201 | D:1      | Learned a level 2 spell: Static Discharge
   469 | D:1      | Reached skill level 1 in Fighting
   939 | D:1      | Found a faded altar of an unknown god.
  1231 | D:2      | Reached XP level 3. HP: 20/20 MP: 5/7
  1388 | D:2      | Found a sacrificial altar of Ru.
  1402 | D:2      | Became a worshipper of Ru the Awakened
  1460 | D:2      | Noticed Robin
  1873 | D:2      | Noticed Natasha
  1876 | D:2      | Killed Natasha
  1877 | D:2      | Reached skill level 5 in Air Magic
  1877 | D:2      | Reached XP level 4. HP: 11/26 MP: 2/8
  2287 | D:2      | Killed Robin
  2441 | D:2      | Noticed Natasha
  2447 | D:2      | Killed Natasha
  2448 | D:2      | Gained mutation: Your magical nature lets you fly swiftly
                  | and evasively. [Tengu growth]
  2448 | D:2      | Reached XP level 5. HP: 24/31 MP: 9/9
  2675 | D:2      | Noticed Natasha
  2681 | D:2      | Killed Natasha
  3081 | D:3      | Noticed Terence
  3092 | D:3      | Gained mutation: You are somewhat unskilled. (-1 Apt) [Ru
                  | sacrifice]
  3092 | D:3      | Reduced skill Stealth to level 1
  3092 | D:3      | Reduced skill Spellcasting to level 1
  3092 | D:3      | Reached * piety under Ru
  3098 | D:3      | Reached skill level 1 in Maces & Flails
  3098 | D:3      | Reached XP level 6. HP: 35/36 MP: 1/9
  3099 | D:3      | Killed Terence
  4293 | D:4      | Learned a level 4 spell: Airstrike
  4411 | D:4      | Noticed Sigmund
  4436 | D:4      | Killed Sigmund
  4437 | D:4      | Reached skill level 6 in Air Magic
  4437 | D:4      | Reached XP level 7. HP: 38/41 MP: 6/11
  4491 | D:4      | Found a staircase to the Ecumenical Temple.
  4708 | D:4      | Found a basalt altar of Yredelemnul.
  4828 | D:4      | Found a shadowy altar of Dithmenos.
  4829 | D:4      | Found an ancient bone altar of Kikubaaqudgha.
  4924 | D:5      | Entered Level 5 of the Dungeon
  4926 | D:5      | Identified a scroll of acquirement
  4926 | D:5      | Acquired an amulet of faith
  5092 | D:5      | Reached skill level 5 in Conjurations
  5142 | D:5      | Reached XP level 8. HP: 44/48 MP: 13/13
  5147 | D:5      | Reached skill level 1 in Shields
  5175 | D:5      | Noticed Eustachio
  5210 | D:5      | Killed Eustachio
  5841 | D:5      | Reached skill level 7 in Air Magic
  5849 | D:5      | Found a hazy altar of Hepliaklqana.
  6064 | D:6      | Gained mutation: You are somewhat inexperienced. (-1 XL)
                  | [Ru sacrifice]
  6064 | D:6      | Reached XP level 7. HP: 43/43 MP: 12/12
  6064 | D:6      | Reached ** piety under Ru
  6064 | D:6      | Reached *** piety under Ru
  6118 | D:6      | Found a stormy altar of Qazlal.
  6149 | D:6      | Found Huzeypty's Fire Supplies.
  6303 | D:6      | Reached XP level 8. HP: 42/48 MP: 13/13
  6759 | D:6      | Reached skill level 5 in Fighting
  6994 | D:7      | Reached skill level 8 in Air Magic
  7678 | D:7      | Noticed a troll
  7681 | D:7      | Found a transporter.
  7762 | D:7      | Noticed a troll
  8102 | D:8      | Found an ornate altar of the Wu Jian Council.
  8226 | D:8      | Reached XP level 9. HP: 47/55 MP: 14/14
  8283 | D:8      | Found a broken altar of Ashenzari.
  8420 | D:8      | Found a hide-covered altar of Uskayaw.
  8583 | D:8      | Reached skill level 9 in Air Magic
  8689 | D:8      | Reached skill level 5 in Maces & Flails
  9032 | D:8      | Found a staircase to the Lair.
  9293 | D:9      | Noticed a two-headed ogre
  9353 | D:8      | Gained mutation: You cannot be stealthy. [Ru sacrifice]
  9407 | D:9      | Reached skill level 5 in Shields
  9513 | D:9      | Reached skill level 1 in Evocations
 10303 | D:9      | Noticed a two-headed ogre
 10303 | D:9      | Noticed a centaur warrior
 10315 | D:9      | Killed a centaur warrior
 10316 | D:9      | Reached skill level 10 in Air Magic
 10316 | D:9      | Reached XP level 10. HP: 26/63 MP: 0/15
 10642 | D:9      | Found a snail-covered altar of Cheibriados.
 10642 | D:9      | Found a shimmering blue altar of Sif Muna.
 10729 | D:9      | Killed a two-headed ogre
 11059 | D:9      | Killed a two-headed ogre
 11799 | D:9      | Found a snail-covered altar of Cheibriados.
 11799 | D:9      | Found a shimmering blue altar of Sif Muna.
 11948 | D:10     | Entered Level 10 of the Dungeon
 11962 | D:10     | Gained mutation: You are weak. (Str -2) [Ru sacrifice]
 12178 | D:10     | Reached skill level 10 in Conjurations
 12258 | D:10     | Learned a level 3 spell: Swiftness
 12531 | D:10     | Found a glowing golden altar of the Shining One.
 12537 | D:10     | Found a burning altar of Makhleb.
 12923 | D:10     | Reached skill level 11 in Air Magic
 13460 | D:11     | Found Xione's Armour Emporium.
 13556 | D:11     | Noticed a two-headed ogre
 13632 | D:11     | Found a staircase to the Orcish Mines.
 13690 | D:11     | Noticed a boulder beetle
 13737 | D:11     | Killed a boulder beetle
 13738 | D:11     | Reached XP level 11. HP: 15/69 MP: 18/18
 13748 | D:11     | Gained mutation: You cannot train Dodging skill. [Ru
                  | sacrifice]
 13748 | D:11     | Reached **** piety under Ru
 13748 | D:11     | Reached ***** piety under Ru
 14132 | D:11     | Noticed Psyche
 14147 | D:11     | Killed Psyche
 14268 | D:11     | Found a basalt altar of Yredelemnul.
 14568 | D:11     | Killed a two-headed ogre
 14879 | Lair:1   | Entered Level 1 of the Lair of Beasts
 14955 | Lair:1   | Reached skill level 12 in Air Magic
 15103 | Lair:1   | Noticed a death yak
 15113 | Lair:1   | Reached skill level 5 in Spellcasting
 15356 | D:8      | Killed a death yak
 15558 | Lair:1   | You are sucked into a shaft and drop 1 floor!
 15558 | Lair:2   | Noticed a boulder beetle
 15564 | Lair:2   | Found a staircase to the Snake Pit.
 15570 | Lair:2   | Killed a boulder beetle
 15906 | Lair:2   | Reached skill level 13 in Air Magic
 15937 | Lair:2   | Slain by a torpor snail

Illustrated notes

Levels and vault maps discovered:
D:1:      shiori_arrival_maze, layout_basic, chequers_ecumenical_altar_lobes,
          kennysheep_crisscross
D:2:      layout_loops_corners, basic_altar, uniq_natasha, uniq_robin
D:3:      minmay_recursive_quarters, layout_basic, kennysheep_nub, uniq_terence
D:4:      layout_rooms, nicolae_overflow_two_pavilions,
          mainiacjoe_overflow_paths, temple_doors_e, uniq_sigmund
D:5:      layout_loops_ring, marbit_many_paths, hex_large, uniq_eustachio
D:6:      minmay_diamond_boxcup, layout_cave_pools, grunt_qazlal_clouds,
          nicolae_shop_fire_sale [nicolae_sub_dead_trees],
          hangedman_decor_peaks_small, eino_small_chamber_without_monster
D:7:      gammafunk_the_bubble [the_bubble_gammafunk_crates], layout_rooms,
          minmay_diced_spiral
D:8:      layout_loops_corners, nicolae_wu_jian_wuxing_cycle,
          nicolae_overflow_squiral, lair_entry_dummy
D:9:      layout_irregular_city, gammafunk_temple_overflow_pools, serial_undead,
          serial_undead_c, serial_undead_c, serial_undead_b, serial_undead_e,
          serial_undead_a, serial_undead_f
D:10:     layout_basic, mainiacjoe_overflow_catwalk_spiral, special_room
          [special_room_bee], hangedman_decor_push
D:11:     layout_basic, orc_david_3, yredelemnul_forgotten_temple_becter,
          uniq_psyche
Lair:1:   minmay_guarded_unrand_snakebite, layout_loops_ring
Lair:2:   layout_cave_pods, minmay_snake_entry_guardpost_large, special_room,
          serial_rivers, chequers_serial_rivers_small_a,
          chequers_serial_rivers_large_a, chequers_serial_rivers_large_b,
          chequers_serial_rivers_small_3, chequers_serial_rivers_room_b,
          chequers_serial_rivers_micro_a, minivault_26,
          cheibrodos_lair_reptile_den, serial_bayou_shore_b

Skill      XL: |  1  2  3  4  5  6  7  8  9 10 11 |
---------------+----------------------------------+-----
Conjurations   | 2 3 3 4 6 7 9 10 | 10.0
Fighting       | 1 2 2 3 5 7 8 9 |  9.8
Air Magic      | 5 6 8 10 11 13 | 13.1
Stealth        | 1 0 |  0.0
Spellcasting   | 1 2 3 4 6 |  6.0
Maces & Flails | 1 2 4 3 6 7 |  7.0
Shields        | 4 5 |  5.0
Evocations     | 3 4 |  4.0
Dodging        | 0 |  0.0

Action                   |  1- 3 |  4- 6 |  7- 9 | 10-12 || total
-------------------------+-------+-------+-------+-------++-------
Melee: Unarmed           |    10 |     3 |       |       ||    13
       Kick              |     8 |    24 |    92 |    66 ||   190
       Peck              |     3 |    11 |    65 |    36 ||   115
       Whip              |       |    99 |   308 |   145 ||   552
       Punch             |       |     1 |       |       ||     1
       Staff             |       |       |     5 |    11 ||    16
 Cast: Shock             |    74 |    45 |    82 |    98 ||   299
       Static Discharge  |     2 |     5 |    52 |    79 ||   138
       Airstrike         |       |       |     5 |     4 ||     9
Invok: Sacrifice Skill   |       |     1 |       |       ||     1
       Sacrifice Experie |       |       |     1 |       ||     1
       Draw Out Power    |       |       |     2 |     1 ||     3
       Reject Sacrifices |       |       |     1 |       ||     1
       Sacrifice Stealth |       |       |     1 |       ||     1
       Sacrifice Purity  |       |       |       |     1 ||     1
       Apocalypse        |       |       |       |     3 ||     3
       Sacrifice Nimblen |       |       |       |     1 ||     1
Evoke: Wand              |       |       |     4 |    11 ||    15
  Use: Scroll            |       |    12 |     8 |     2 ||    22
       Potion            |       |     1 |       |     1 ||     2
 Stab: Sleeping          |       |     4 |       |       ||     4
       Invisible         |       |       |       |     1 ||     1
       Distracted        |       |       |       |     1 ||     1
       Paralysed         |       |       |       |     1 ||     1
Armor: Robe              |     3 |     7 |       |       ||    10
       Ring mail         |       |     7 |   124 |    43 ||   174
Dodge: Dodged            |    16 |    91 |   296 |   158 ||   561
Block: Buckler           |       |       |    73 |    54 ||   127

Table legend: (Time is in decaauts)
 A = Elapsed time spent in this place.
 B = Non-inter-level travel time spent in this place.
 C = Inter-level travel time spent in this place.
 D = Time resting spent in this place.
 E = Time spent auto-exploring this place.
 F = Levels seen in this place.
 G = Mean time per level.
                   A        B        C        D        E       F      G
               +--------+--------+--------+--------+--------+-----+--------+
         Total |  15138 |  14683 |    455 |   1460 |  10638 |  13 | 1164.5 |
       Dungeon |  14407 |  13965 |    442 |   1266 |  10364 |  11 | 1309.7 |
          Lair |    731 |    719 |     12 |    194 |    273 |   2 |  365.5 |
               +--------+--------+--------+--------+--------+-----+--------+

Top non-repeatable levels by time:
     D:9: 2364 daAuts
     D:8: 1585 daAuts
     D:2: 1524 daAuts
    D:10: 1479 daAuts
     D:1: 1289 daAuts
    D:11: 1266 daAuts
     D:3: 1255 daAuts
     D:5: 1048 daAuts
     D:6: 985 daAuts
     D:7: 938 daAuts
     D:4: 669 daAuts
  Lair:2: 371 daAuts
  Lair:1: 359 daAuts
